PL
BROOKLYN DODGERS @ ATHLETIC CLUB KC
08/10/2020
 
TOP OF THE 1ST
Brooklyn Dodgers batting - Pitching for Athletic Club KC : LHP Vincent Hall
Pitching: LHP Vincent Hall
Batting: LHB Ye Der 0-0: Ball
1-0: Called Strike
1-1: Foul Ball, location: 2F
1-2: SINGLE (Line Drive, 9S)
Batting: LHB Pancho García 0-0: Ball
1-0: Called Strike
1-1: Grounds into double play, 1-6-3 (Groundball, 13)
Batting: RHB Thom Wilcox 0-0: Foul Ball, location: 2F
0-1: Called Strike
0-2: Strikes out swinging
Top of the 1st over - 0 run(s), 1 hit(s), 0 error(s), 0 left on base; Brooklyn 0 - Athletic Club KC 0
BOTTOM OF THE 1ST
Athletic Club KC batting - Pitching for Brooklyn Dodgers : LHP Jim Eliott
Pitching: LHP Jim Eliott
Batting: RHB Jorge Trevino 0-0: Foul Ball, location: 2F
0-1: Ball
1-1: Fly out, F6 (Popup, 6MS)
Batting: SHB David Henderson 0-0: Foul Ball, location: 2F
0-1: Foul Ball, location: 2F
0-2: Ball
1-2: Strikes out looking
Batting: RHB Ed Hopkins 0-0: Foul Ball, location: 2F
0-1: Foul Ball, location: 2F
0-2: Foul Ball, location: 2F
0-2: Ground out 4-3 (Groundball, 4M)
Bottom of the 1st over - 0 run(s), 0 hit(s), 0 error(s), 0 left on base; Brooklyn 0 - Athletic Club KC 0
TOP OF THE 2ND
Brooklyn Dodgers batting - Pitching for Athletic Club KC : LHP Vincent Hall
Batting: LHB Ray Sears 0-0: Called Strike
0-1: SINGLE (Line Drive, 34D)
Batting: LHB Tony Dyer 0-0: Called Strike
0-1: Swinging Strike
0-2: Ball
1-2: Ball
2-2: Ball
3-2: Foul Ball, location: 2F
3-2: Foul Ball, location: 2F
3-2: Base on Balls
Ray Sears to second
Batting: LHB Ron Bascombe 0-0: Ball
1-0: Called Strike
1-1: Ball
2-1: Foul Ball, location: 2F
2-2: Strikes out swinging
Batting: LHB Kelly Brown 0-0: Ball
1-0: Grounds into double play, 4-6-3 (Groundball, 4M)
Top of the 2nd over - 0 run(s), 1 hit(s), 0 error(s), 1 left on base; Brooklyn 0 - Athletic Club KC 0
BOTTOM OF THE 2ND
Athletic Club KC batting - Pitching for Brooklyn Dodgers : LHP Jim Eliott
Batting: LHB Min-heui Im 0-0: Called Strike
0-1: Ball
1-1: Swinging Strike
1-2: Strikes out swinging
Batting: RHB Ramón Souza 0-0: Ball
1-0: Called Strike
1-1: Foul Ball, location: 2F
1-2: Strikes out swinging
Batting: RHB Juan Benítez 0-0: Ball
1-0: Swinging Strike
1-1: Ground out 4-3 (Groundball, 34)
Bottom of the 2nd over - 0 run(s), 0 hit(s), 0 error(s), 0 left on base; Brooklyn 0 - Athletic Club KC 0
TOP OF THE 3RD
Brooklyn Dodgers batting - Pitching for Athletic Club KC : LHP Vincent Hall
Batting: RHB Sean Davis 0-0: Called Strike
0-1: Called Strike
0-2: Ball
1-2: Foul Ball, location: 2F
1-2: Foul Ball, location: 2F
1-2: SINGLE (Groundball, 34D)
Batting: LHB Jim Eliott 0-0: Bunted foul
0-1: Sac Bunt - play at first, batter OUT! 1-4
Sean Davis to second
Batting: LHB Ye Der 0-0: Foul Ball, location: 2F
0-1: Ball
1-1: Foul Ball, location: 2F
1-2: Ball
2-2: Ball
3-2: Foul Ball, location: 2F
3-2: Fly out, F6 (Popup, 6)
Batting: LHB Pancho García 0-0: Foul Ball, location: 2F
0-1: Fly out, F8 (Flyball, 8LM)
Top of the 3rd over - 0 run(s), 1 hit(s), 0 error(s), 1 left on base; Brooklyn 0 - Athletic Club KC 0
BOTTOM OF THE 3RD
Athletic Club KC batting - Pitching for Brooklyn Dodgers : LHP Jim Eliott
Batting: LHB Emílio Sáenz 0-0: Ball
1-0: Foul Ball, location: 2F
1-1: SINGLE (Groundball, 34D)
Batting: RHB Harry Fuller 0-0: Grounds into double play, 5-4-3 (Groundball, 56)
Batting: LHB Vincent Hall 0-0: Foul Ball, location: 2F
0-1: Foul Ball, location: 2F
0-2: Strikes out swinging
Bottom of the 3rd over - 0 run(s), 1 hit(s), 0 error(s), 0 left on base; Brooklyn 0 - Athletic Club KC 0
TOP OF THE 4TH
Brooklyn Dodgers batting - Pitching for Athletic Club KC : LHP Vincent Hall
Batting: RHB Thom Wilcox 0-0: Ball
1-0: Ball
2-0: Swinging Strike
2-1: Swinging Strike
2-2: SINGLE (Line Drive, 78M)
Batting: LHB Ray Sears 0-0: Ball
1-0: Foul Ball, location: 2F
1-1: Foul Ball, location: 2F
1-2: Strikes out swinging
Batting: LHB Tony Dyer 0-0: Ball
1-0: Grounds into double play, 4-6-3 (Groundball, 4)
Top of the 4th over - 0 run(s), 1 hit(s), 0 error(s), 0 left on base; Brooklyn 0 - Athletic Club KC 0
BOTTOM OF THE 4TH
Athletic Club KC batting - Pitching for Brooklyn Dodgers : LHP Jim Eliott
Batting: RHB Jorge Trevino 0-0: Foul Ball, location: 2F
0-1: Ball
1-1: Ground out 6-3 (Groundball, 6)
Batting: SHB David Henderson 0-0: SINGLE (Groundball, 56D)
Batting: RHB Ed Hopkins 0-0: Ball
David Henderson steals 2nd base
1-0: Ball
2-0: Ball
3-0: Called Strike
3-1: Base on Balls
Batting: LHB Min-heui Im 0-0: Called Strike
0-1: Swinging Strike
0-2: Grounds out, U3 (Groundball, 3L)
David Henderson to third
Batting: RHB Ramón Souza 0-0: Swinging Strike
0-1: Swinging Strike
0-2: Ball
1-2: Strikes out looking
Bottom of the 4th over - 0 run(s), 1 hit(s), 0 error(s), 2 left on base; Brooklyn 0 - Athletic Club KC 0
TOP OF THE 5TH
Brooklyn Dodgers batting - Pitching for Athletic Club KC : LHP Vincent Hall
Batting: LHB Ron Bascombe 0-0: Ball
1-0: SOLO HOME RUN (Line Drive, 9D), Distance : 398 ft
Batting: LHB Kelly Brown 0-0: Ball
1-0: Swinging Strike
1-1: Foul Ball, location: 2F
1-2: Ball
2-2: Strikes out swinging
Batting: RHB Sean Davis 0-0: Called Strike
0-1: Ball
1-1: Swinging Strike
1-2: Ball
2-2: Foul Ball, location: 2F
2-2: TRIPLE (Line Drive, 89XD)
Batting: LHB Jim Eliott 0-0: Ball
1-0: Ball
2-0: Called Strike
2-1: Ground out 2-3 (Groundball, 2R)
Batting: LHB Ye Der 0-0: Called Strike
0-1: Ball
1-1: Ball
2-1: Foul Ball, location: 2F
2-2: SINGLE (Line Drive, 34)
Sean Davis scores
Batting: LHB Pancho García 0-0: Ball
1-0: Foul Ball, location: 2F
1-1: Ball
2-1: Ground out 1-3 (Groundball, 15S)
Top of the 5th over - 2 run(s), 3 hit(s), 0 error(s), 1 left on base; Brooklyn 2 - Athletic Club KC 0
BOTTOM OF THE 5TH
Athletic Club KC batting - Pitching for Brooklyn Dodgers : LHP Jim Eliott
Batting: RHB Juan Benítez 0-0: DOUBLE (Flyball, 8RXD)
Batting: LHB Emílio Sáenz 0-0: Called Strike
0-1: Swinging Strike
0-2: Ground out 4-3 (Groundball, 4)
Juan Benítez to third
Batting: RHB Harry Fuller 0-0: Ball
1-0: SINGLE (Groundball, 23) (infield hit)
Batting: LHB Vincent Hall 0-0: Swinging Strike
0-1: Called Strike
0-2: Foul Ball, location: 2F
0-2: Bunt missed, Strikeout!
Batting: RHB Jorge Trevino 0-0: Ball
1-0: Ball
2-0: Ball
3-0: Called Strike
3-1: Fly out, F4 (Popup, 34D)
Bottom of the 5th over - 0 run(s), 2 hit(s), 0 error(s), 2 left on base; Brooklyn 2 - Athletic Club KC 0
TOP OF THE 6TH
Brooklyn Dodgers batting - Pitching for Athletic Club KC : LHP Vincent Hall
Batting: RHB Thom Wilcox 0-0: Called Strike
0-1: Ball
1-1: Foul Ball, location: 2F
1-2: Ball
2-2: Foul Ball, location: 2F
2-2: SINGLE (Groundball, 56D)
Batting: LHB Ray Sears 0-0: Foul Ball, location: 2F
0-1: Ball
1-1: SINGLE (Line Drive, 89M)
Thom Wilcox to second
Batting: LHB Tony Dyer 0-0: Swinging Strike
0-1: Foul Ball, location: 2F
0-2: Foul Ball, location: 2F
0-2: SINGLE (Line Drive, 89S)
Thom Wilcox to third
Ray Sears to second
Batting: LHB Ron Bascombe 0-0: Ball
1-0: Called Strike
1-1: Ball
2-1: Ball
3-1: Base on Balls
Thom Wilcox scores
Ray Sears to third
Tony Dyer to second
Pitching: RHP Clemente Prista
Batting: LHB Kelly Brown 0-0: Foul Ball, location: 2F
0-1: Foul Ball, location: 2F
0-2: Ball
1-2: Strikes out looking
Batting: RHB Sean Davis 0-0: Fly out, F3 (Popup, 3F)
Batting: LHB Jim Eliott 0-0: Foul Ball, location: 2F
0-1: Fly out, F7 (Flyball, 7M)
Top of the 6th over - 1 run(s), 3 hit(s), 0 error(s), 3 left on base; Brooklyn 3 - Athletic Club KC 0
BOTTOM OF THE 6TH
Athletic Club KC batting - Pitching for Brooklyn Dodgers : LHP Jim Eliott
Batting: SHB David Henderson 0-0: Ball
1-0: Foul Ball, location: 2F
1-1: Ball
2-1: Ground out 6-3 (Groundball, 6)
Batting: RHB Ed Hopkins 0-0: Foul Ball, location: 2F
0-1: Foul Ball, location: 2F
0-2: Fly out, F3 (Popup, 3L)
Batting: LHB Min-heui Im 0-0: Ground out 1-3 (Groundball, 13S)
Bottom of the 6th over - 0 run(s), 0 hit(s), 0 error(s), 0 left on base; Brooklyn 3 - Athletic Club KC 0
TOP OF THE 7TH
Brooklyn Dodgers batting - Pitching for Athletic Club KC : RHP Clemente Prista
Batting: LHB Ye Der 0-0: Ball
1-0: Swinging Strike
1-1: DOUBLE (Groundball, 3L)
Batting: LHB Pancho García 0-0: Swinging Strike
0-1: Swinging Strike
0-2: Ball
1-2: Ground out 6-3 (Groundball, 6S)
Ye Der to third
Batting: RHB Thom Wilcox 0-0: Intentional Walk
Batting: LHB Ray Sears 0-0: Ball
1-0: Grounds into double play, 4-6-3 (Groundball, 4)
Top of the 7th over - 0 run(s), 1 hit(s), 0 error(s), 1 left on base; Brooklyn 3 - Athletic Club KC 0
BOTTOM OF THE 7TH
Athletic Club KC batting - Pitching for Brooklyn Dodgers : LHP Jim Eliott
Batting: RHB Ramón Souza 0-0: Foul Ball, location: 2F
0-1: Ball
1-1: Ball
2-1: Called Strike
2-2: Strikes out swinging
Batting: RHB Juan Benítez 0-0: Called Strike
0-1: Swinging Strike
0-2: Ball
1-2: Strikes out swinging
Batting: LHB Emílio Sáenz 0-0: SINGLE (Line Drive, 56D)
Batting: RHB Harry Fuller 0-0: Ball
1-0: Called Strike
1-1: Foul Ball, location: 2F
1-2: Ground out 1-3 (Groundball, 23)
Bottom of the 7th over - 0 run(s), 1 hit(s), 0 error(s), 1 left on base; Brooklyn 3 - Athletic Club KC 0
TOP OF THE 8TH
Brooklyn Dodgers batting - Pitching for Athletic Club KC : RHP Clemente Prista
Batting: LHB Tony Dyer 0-0: Ball
1-0: Ball
2-0: Fly out, F8 (Flyball, 8RD)
Batting: LHB Ron Bascombe 0-0: Ground out 4-3 (Groundball, 34)
Batting: LHB Kelly Brown 0-0: Ball
1-0: Called Strike
1-1: Foul Ball, location: 2F
1-2: Foul Ball, location: 2F
1-2: Foul Ball, location: 2F
1-2: Ball
2-2: Ball
3-2: Base on Balls
Batting: RHB Sean Davis 0-0: Called Strike
0-1: Ball
1-1: Ball
2-1: Called Strike
2-2: Ball
3-2: SINGLE (Groundball, 56D)
Kelly Brown to second
Kelly Brown to third
Batting: LHB Jim Eliott 0-0: Reached on error, E5 (Groundball, 5L)
Kelly Brown scores
Sean Davis to second
Batting: LHB Ye Der 0-0: Ball
1-0: SINGLE (Line Drive, 9S)
Sean Davis to third
Jim Eliott to second
Runner from 3rd tries for Home, SAFE, no throw or cutoff
Batting: LHB Pancho García 0-0: Ball
1-0: Ball
2-0: Called Strike
2-1: Ground out 4-3 (Groundball, 4)
Top of the 8th over - 2 run(s), 2 hit(s), 1 error(s), 2 left on base; Brooklyn 5 - Athletic Club KC 0
BOTTOM OF THE 8TH
Athletic Club KC batting - Pitching for Brooklyn Dodgers : LHP Jim Eliott
Now in CF: Roger Lakes
Pinch Hitting: RHB Todd Blake 0-0: Ball
1-0: Called Strike
1-1: Fly out, F8 (Flyball, 8RM)
Batting: RHB Jorge Trevino 0-0: Ball
1-0: Foul Ball, location: 2F
1-1: Ball
2-1: Ground out 6-3 (Groundball, 6M)
Batting: SHB David Henderson 0-0: Swinging Strike
0-1: Called Strike
0-2: Strikes out swinging
Bottom of the 8th over - 0 run(s), 0 hit(s), 0 error(s), 0 left on base; Brooklyn 5 - Athletic Club KC 0
TOP OF THE 9TH
Brooklyn Dodgers batting - Pitching for Athletic Club KC : RHP Clemente Prista
Pitching: RHP Manuel Núñez
Batting: RHB Thom Wilcox 0-0: Ball
1-0: Foul Ball, location: 2F
1-1: Ball
2-1: Foul Ball, location: 2F
2-2: Fly out, F3 (Popup, 3F)
Batting: LHB Ray Sears 0-0: Called Strike
0-1: Fly out, F9 (Flyball, 89S)
Batting: LHB Tony Dyer 0-0: DOUBLE (Groundball, 3L)
Batting: LHB Ron Bascombe 0-0: Ball
1-0: Foul Ball, location: 2F
1-1: Swinging Strike
1-2: Strikes out swinging
Top of the 9th over - 0 run(s), 1 hit(s), 0 error(s), 1 left on base; Brooklyn 5 - Athletic Club KC 0
BOTTOM OF THE 9TH
Athletic Club KC batting - Pitching for Brooklyn Dodgers : LHP Jim Eliott
Now at C: Shojiro Kimura
Batting: RHB Ed Hopkins 0-0: SINGLE (Line Drive, 34)
Batting: LHB Min-heui Im 0-0: Ball
1-0: Ball
2-0: Called Strike
2-1: Called Strike
2-2: Fly out, F8 (Flyball, 8LXD)
Batting: RHB Ramón Souza 0-0: Swinging Strike
0-1: Ball
1-1: Fly out, F7 (Flyball, 7D)
Batting: RHB Juan Benítez 0-0: Ball
1-0: Ball
2-0: Ball
3-0: Fly out, F1 (Line Drive, 13S)
Bottom of the 9th over - 0 run(s), 1 hit(s), 0 error(s), 1 left on base; Brooklyn 5 - Athletic Club KC 0
This league is powered by Out of the Park Baseball, the baseball management simulation game for PC, Mac and Linux
Friday, October 23rd, 2015 - OOTP Baseball 16.9 Build 39